 Dungeon Sprint DCSS version 0.31-a0-986-g5e6e4ef867 (webtiles) character file.

Game seed: 7266950493553841946

313770 rocky1 the Middleweight Champion (level 17, -23/182 HPs)
             Began as a Red Draconian Shapeshifter on Nov 12, 2023.
             Was an Initiate of Gozag.
             Killed from afar by Antaeus (51 damage)
             ... with a bolt of lightning
             ... in the Dungeon (Sprint III: "The Ten Rune Challenge").
             The game lasted 01:01:42 (13707 turns).

rocky1 the Middleweight Champion (DrSh)            Turns: 13707, Time: 01:01:43

Health: -23/182    AC: 15    Str: 17    XL:     17   Next: 65%
Magic:  39/39      EV: 28    Int: 23    God:    Gozag
Gold:   9604       SH:  0    Dex: 21    Spells: 34/52 levels left

rFire   + .          .
                       - Unarmed
rCold   + + +        (no shield)
rNeg    + + +        (body armour unavailable)
rPois   ∞            L - +2 hood of the Assassin {Detect Stab+ Stlth++}
rElec   .            K - scarf of the Evening Star {repulsion, Fly rN+}
rCorr   +            l - +0 pair of gloves "Nazeps" {rN+ Will+ rCorr}
SInv    .            h - +2 pair of boots {rampage}
Will    +++..        O - amulet of Qehu {Fragile Regen+ Slay+6}
Stlth   ++++++++++   v - ring "Relemicw" {Str+2 Int+6 Dex+3 Slay+3 Stlth+}
HPRegen 1.30/turn    o - ring "Founky" {rPois rC++ rN+ Str-4 Int+2}
MPRegen 0.26/turn

%: no teleportation, repel missiles, rampage
@: death-form, frozen, flying, very slow
A: vile attack, torment immunity, no potions, (breathe fire), AC +9, unfitting
armour, fire resistance 1, cold-blooded, stinger 1, agile 1, clever 1,
deterioration 1, strong 1
}: 7/10 runes: decaying, barnacled, slimy, silver, golden, bone, demonic
a: Siphon Essence, Begin Untransformation, Renounce Religion, Potion Petition,
Call Merchant, Bribe Branch


You were in the Dungeon.
You worshipped Gozag.
Gozag was greatly pleased with you.
You were an undying horror.
You visited 1 branch You collected 36098 gold pieces.
You spent 13859 gold pieces at shops.
You paid 12635 gold pieces to Gozag.

Inventory:

Armour
 f - the +1 cloak of Starlight {*Dazzle EV+4 Stlth--}
   (You bought it in a shop in the Dungeon)

   *Dazzle:   It may blind those who miss an attack against the wearer in melee
   combat.
   EV+4:      It affects your evasion (+4).
   Stlth--:   It makes you much less stealthy.
 h - a +2 pair of boots of rampaging (worn)
 l - the +0 pair of gloves "Nazeps" (worn) {rN+ Will+ rCorr}
   (You acquired it in the Dungeon)

   rN+:       It protects you from negative energy.
   Will+:     It increases your willpower.
   rCorr:     It protects you from acid and corrosion.
 J - the +1 pair of boots "Qaqi" {+Blink rF+ Str-5 Dex+4}
   (You acquired it in the Dungeon)

   Str-5:     It affects your strength (-5).
   Dex+4:     It affects your dexterity (+4).
   rF+:       It protects you from fire.
   +Blink:    It lets you blink.
 K - the scarf of the Evening Star (worn) {repulsion, Fly rN+}
   (You acquired it in the Dungeon)

   rN+:       It protects you from negative energy.
   Fly:       It grants you flight.
 L - the +2 hood of the Assassin (worn) {Detect Stab+ Stlth++}
   (You bought it in a shop in the Dungeon)

   Detect:    It allows the wearer to sense nearby creatures.
   Stab+:     It allows the wearer to make particularly effective stabbing
   attacks against helpless or unaware enemies with any weapon.
   Stlth++:   It makes you much more stealthy.
Magical Staves
 X - the staff of Mos Ilon {rElec Dex+3 SInv Air}
   (You found it in the Dungeon)

   [staff of air]

   Base accuracy: +5 Base damage: 5 Base attack delay: 1.2 This weapon's minimum
   attack delay (0.6) is reached at skill level 12.
   Dex+3:     It affects your dexterity (+3).
   rElec:     It insulates you from electricity.
   SInv:      It lets you see invisible.
   Air:       It increases the power of your Air spells.
   It falls into the 'Staves' category.
   It is a one-handed weapon.
Jewellery
 i - a +4 ring of slaying
 o - the ring "Founky" (right hand) {rPois rC++ rN+ Str-4 Int+2}
   (You bought it in a shop in the Dungeon)

   [ring of poison resistance]

   Str-4:     It affects your strength (-4).
   Int+2:     It affects your intelligence (+2).
   rC++:      It greatly protects you from cold.
   rPois:     It protects you from poison rN+: It protects you from negative
   energy.
 v - the ring "Relemicw" (left hand) {Str+2 Int+6 Dex+3 Slay+3 Stlth+}
   (You bought it in a shop in the Dungeon)

   [ring of intelligence]

   Str+2:     It affects your strength (+2).
   Int+6:     It affects your intelligence (+6).
   Dex+3:     It affects your dexterity (+3).
   Slay+3:    It affects your accuracy & damage with ranged weapons and melee
   (+3).
   Stlth+:    It makes you more stealthy.
 D - an amulet of guardian spirit
 F - the amulet of Untruth {+Blink rElec rF++ rC- Regen+ Int-3}
   (You acquired it in the Dungeon)

   [amulet of regeneration]

   Int-3:     It affects your intelligence (-3).
   rF++:      It greatly protects you from fire.
   rC-:       It makes you vulnerable to cold.
   rElec:     It insulates you from electricity.
   +Blink:    It lets you blink.
   Regen+:    It increases your rate of health regeneration.
 G - the amulet "Hepuen" {rPois rN+ Regen+ Int+2}
   (You found it in the Dungeon)

   [amulet of regeneration]

   Int+2:     It affects your intelligence (+2).
   rPois:     It protects you from poison rN+: It protects you from negative
   energy.
   Regen+:    It increases your rate of health regeneration.
 O - the amulet of Qehu (around neck) {Fragile Regen+ Slay+6}
   (You acquired it in the Dungeon)

   [amulet of regeneration]

   Slay+6:    It affects your accuracy & damage with ranged weapons and melee
   (+6).
   Regen+:    It increases your rate of health regeneration.
   Fragile:   It will be destroyed if unequipped.
Talismans
 j - a blade talisman
 w - a granite talisman
 E - a talisman of death (active)
 W - a dragon-blood talisman
Wands
 c - a wand of charming (4)
 e - a wand of iceblast (16)
 p - a wand of digging (6)
 U - a wand of acid (11)
 V - a wand of mindburst (35)
Scrolls
 a - a scroll of blinking
 b - a scroll of torment
 k - a scroll of immolation
 n - a scroll of poison
 x - 2 scrolls of revelation
 y - a scroll of butterflies
 z - 4 scrolls of amnesia
 B - 3 scrolls of fog
 C - 2 scrolls of vulnerability
 M - 3 scrolls of enchant armour
 R - 3 scrolls of silence
Potions
 d - 11 potions of curing
 g - 3 potions of magic
 m - 7 potions of enlightenment
 q - 4 potions of might
 r - 9 potions of haste
 s - 12 potions of heal wounds
 t - 6 potions of brilliance
 u - 5 potions of mutation
 A - 2 potions of cancellation
 H - a potion of ambrosia
 I - a potion of berserk rage
 N - 3 potions of attraction
 P - 3 potions of resistance
 Y - 2 potions of invisibility
Miscellaneous
 S - a condenser vane
 T - a lightning rod (4/4)


   Skills:
 + Level 24.0 Fighting
 + Level 20.0 Dodging
 + Level 19.0 Stealth
 O Level 27 Unarmed Combat
 + Level 18.3 Spellcasting
 - Level 3.6 Translocations
 - Level 3.6 Transmutations
 - Level 12.7 Fire Magic
 * Level 19.1 Air Magic
 - Level 24.6 Shapeshifting


You had 34 spell levels left.
You knew the following spells:

 Your Spells              Type           Power      Damage    Failure   Level
a - Plasma Beam           Fire/Air       38%        2x1d51    1%          6
b - Blink                 Tloc           74%        N/A       1%          2
c - Wereblood             Tmut           37%        N/A       1%          2
d - Maxwell's Capacitive  Air            41%        ∞         6%          8

Your spell library contained the following spells:

 Spells                   Type           Power      Damage    Failure   Level
 Swiftness                Air            83%        N/A       0%          3
 Airstrike                Air            41%        2d(6-22)  0%          4
 Foxfire                  Conj/Fire      100%       2x1d9     1%          1
 Shock                    Conj/Air       100%       1d9       1%          1
 Cigotuvi's Dreadful Rot  Necr/Pois/Air  100%       N/A       1%          2
 Poisonous Vapours        Pois/Air       100%       N/A       1%          2
 Static Discharge         Conj/Air       100%       3-8/arc   1%          2
 Gell's Gravitas          Tloc           37%        N/A       1%          3
 Ignite Poison            Fire/Tmut/Pois 46%        N/A       1%          3
 Mephitic Cloud           Conj/Pois/Air  50%        N/A       1%          3
 Teleport Other           Tloc           37%        N/A       1%          3
 Summon Lightning Spire   Summ/Air       60%        N/A       1%          4
 Silence                  Hex/Air        30%        N/A       1%          5
 Magic Dart               Conj           84%        1d7       2%          1
 Sandblast                Erth           42%        2d11      2%          1
 Call Imp                 Summ           42%        N/A       3%          2
 Sublimation of Blood     Necr           21%        N/A       3%          2
 Freezing Cloud           Conj/Ice/Air   25%        6-21      4%          5
 Manifold Assault         Tloc           37%        N/A       5%          4
 Passage of Golubria      Tloc           37%        N/A       5%          4
 Call Canine Familiar     Summ           21%        N/A       8%          3
 Stone Arrow              Conj/Erth      42%        3d9       8%          3
 Tukima's Dance           Hex            21%        N/A       8%          3
 Starburst                Conj/Fire      25%        6d8       26%         6
 Yara's Violent Unravell  Hex/Tmut       14%        3d7       32%         5
 Borgnjor's Vile Clutch   Necr/Erth      10%        N/A       56%         5
 Lee's Rapid Deconstruct  Erth           10%        3d8*      56%         5
 Dispersal                Tloc           18%        N/A       63%         6
 Summon Hydra             Summ           10%        N/A       100%        7
 Lehudib's Crystal Spear  Conj/Erth      10%        10d4      100%        8
 Summon Horrible Things   Summ           10%        N/A       100%        8
 Animate Armour           Summ/Erth      Unusable   N/A       N/A         4

Dungeon Overview and Level Annotations

Branches:
Dungeon (1/1)

Altars:
Cheibriados
Dithmenos
Elyvilon
Fedhas
Gozag
Hepliaklqana
Kikubaaqudgha
Makhleb
Nemelex Xobeh
Okawaru
Qazlal
Ru
Sif Muna
Trog
Uskayaw
Vehumet
Wu Jian
Xom
Yredelemnul
Zin
The Shining One
Jiyva
Lugonu

Shops:
D !?[?=[(==[?=!![[[*((*:[*?(=:

Annotations:
D Antaeus


Innate Abilities, Weirdness & Mutations

You are an undying horror.
Your melee and unarmed attacks drain, slow and weaken victims.
You are immune to unholy pain and torment.
You cannot drink.
You are immune to poison.
((You can breathe blasts of fire.))
Your fiery red scales are hard. (AC +9)
You cannot fit into any form of body armour.
Your flesh is heat resistant. (rF+)
You are cold-blooded and may be slowed by cold attacks.
Your tail ends in a venomous barb.
You are agile. (Dex +4, Str/Int -1)
Your mind is acute. (Int +4, Str/Dex -1)
Your body sometimes deteriorates upon taking damage.
Your muscles are strong. (Str +4, Int/Dex -1)


Message History

Antaeus is severely wounded.
You hit Antaeus but do no damage.
You tail-slap Antaeus, but do no damage.
Antaeus is severely wounded.
Antaeus gestures at you. The bolt of lightning misses you. x2
Antaeus blocks your attack. x2
Antaeus is severely wounded.
You punch Antaeus!
Antaeus decays.
Antaeus blocks your attack.
Antaeus is severely wounded.
You punch Antaeus!
Antaeus decays.
You tail-slap Antaeus, but do no damage.
Antaeus is severely wounded.
Antaeus hits you!! Antaeus freezes you! You resist.
Antaeus completely misses you. Antaeus blocks your attack.
Antaeus is severely wounded.
You hit Antaeus but do no damage. You punch Antaeus, but do no damage.
Antaeus is severely wounded.
Antaeus blocks your attack.
Antaeus is severely wounded.
You pummel Antaeus!!
Antaeus decays.
Antaeus blocks your attack.
Antaeus is almost dead.
Antaeus gestures at you. The icy flash freeze hits you!! You partially resist.
You are encased in ice.
Antaeus blocks your attack.
Antaeus is almost dead.
You pulverise Antaeus!!!
Antaeus decays.
Antaeus blocks your attack.
You punch Antaeus, but do no damage.
Antaeus is almost dead.
You pummel Antaeus!!
Antaeus decays.
You punch Antaeus!
Antaeus is almost dead.
Antaeus gestures at you. The bolt of lightning hits you!!!
* * * LOW HITPOINT WARNING * * *
The bolt of lightning hits you!!!
You die...
Antaeus says, "Your soul will be trapped in ice for ten thousand years."
Your body crumbles into a pile of gold.

*#######'#############'#####
###≈≈≈≈≈≈≈≈≈##§..#..§§#...
#[#≈#'#≈≈#'###§§§'..§.§...
##'#≈#(#≈≈#.# #§.§#...§#.§.
#≈≈≈≈###≈≈######'########+#
#≈≈≈≈≈≈≈≈≈≈≈≈# #...§§...§§#
#≈≈≈≈###≈≈≈≈≈###'##########
####≈#(#≈≈#####§§§#.§§§§§.§
#|'≈#'#≈≈zC# #§§.§§.§§§§..
###≈≈≈≈≈≈### #...#§§§=§§§.
######## #############


You could see Antaeus (slow, weak, reflecting).

Vanquished Creatures
  the Royal Jelly (D)
  Ereshkigal (D)
  Gloorx Vloq (D)
  Mennas (D)
  Mara (D)
  6 royal mummies (D)
  Boris (D)
  Frederick (D)
  Geryon (D)
  Nikola (D)
  Nellie (D)
  Rupert (D)
  2 liches (D)
  5 Ice Fiends (D)
  2 sphinxes (D)
  A deep elf master archer (D)
  5 acid blobs (D)
  Gastronok (D)
  Polyphemus (D)
  Chuck (D)
  Harold (D)
  An ancient champion (D)
  An Executioner (D)
  3 shadow dragons (D)
  12 azure jellies (D)
  A storm dragon (D)
  3 rockslimes (D)
  Ilsuiw (D)
  3 fire giants (D)
  Roxanne (D)
  2 frost giants (D)
  3 ghost moths (D)
  4 stone giants (D)
  8 quicksilver oozes (D)
  2 vampire knights (D)
  3 deep elf demonologists (D)
  Azrael (D)
  2 dire elephants (D)
  An iron golem (D)
  2 deep elf death magi (D)
  A merfolk javelineer (D)
  7 mummy priests (D)
  4 yaktaur captains (D)
  A fire dragon (D)
  Erolcha (D)
  3 hydras (D)
  19 vault guards (D)
  2 hell beasts (D)
  An ogre mage (D)
  4 dancing weapons (D)
  4 death yaks (D)
  2 centaur warriors (D)
  3 orc high priests (D)
  4 hell knights (D)
  A shock serpent (shapeshifter) (D)
  Urug (D)
  2 sun demons (D)
  2 soul eaters (D)
  A shadow wraith (D)
  2 deep elf knights (D)
  3 golden dragon zombies (D)
  6 skeletal warriors (D)
  A sea snake (D)
  A sea snake (shapeshifter) (D)
  3 death drakes (D)
  A spriggan druid (D)
  2 spectral iron dragons (D)
  2 orange crystal statues (D)
  3 kraken simulacra (D)
  A spectral hydra (D)
  Joseph (D)
  An orc knight (D)
  3 deep elf pyromancers (D)
  An obsidian statue (D)
  6 ugly things (D)
  A lindwurm (D)
  2 shining eyes (D)
  4 crystal guardians (D)
  4 deep elf zephyrmancers (D)
  2 oklob plants (D)
  2 orc sorcerers (D)
  2 elephants (D)
  2 cane toads (D)
  A molten gargoyle (D)
  8 statues (D)
  2 black mambas (D)
  A komodo dragon (D)
  A rime drake (D)
  2 ice devils (D)
  10 yaktaurs (D)
  An anaconda simulacrum (D)
  28 guardian mummies (D)
  4 spriggan defenders (D)
  2 tyrant leeches (D)
  A queen bee (D)
  3 hornets (D)
  8 blink frogs (D)
  3 dream sheep (D)
  3 wandering mushrooms (D)
  5 glass eyes (D)
  11 slime creatures (D)
  12 shadows (D)
  2 spriggans (D)
  5 redbacks (D)
  2 hydra simulacra (D)
  2 iron troll simulacra (D)
  A spatial vortex (D)
  A swamp drake (D)
  2 orc warriors (D)
  4 swamp dragon skeletons (D)
  5 two-headed ogres (D)
  A necrophage (D)
  A water elemental (D)
  32 killer bees (D)
  4 electric eels (D)
  12 quasits (D)
  A jelly (D)
  3 orc priests (D)
  Jessica (D)
  3 orc wizards (D)
  2 necromancers (D)
  An arcanist (D)
  2 polar bear simulacra (D)
  A kobold demonologist (D)
  3 humans (D)
  A phantom (D)
  7 orcs (D)
  An endoplasm (D)
  2 rats (D)
  A ball lightning (D)
  9 butterflies (D)
427 creatures vanquished.

Vanquished Creatures (others)
  An orc high priest (D)
  2 ball lightnings (D)
  5 ballistomycete spores (D)
  A butterfly (D)
9 creatures vanquished.

Grand Total: 436 creatures vanquished

Notes
Turn   | Place    | Note
-------+----------+-------------------------------------------
     0 | D        | rocky1 the Draconian Shapeshifter began the quest for the
                  | Orb.
     0 | D        | Reached XP level 1. HP: 16/16 MP: 1/1
    40 | D        | Noticed Jessica
    49 | D        | Killed Jessica
    50 | D        | Reached skill level 4 in Unarmed Combat
    50 | D        | Reached XP level 2. HP: 5/25 MP: 2/2
    50 | D        | Reached XP level 3. HP: 6/30 MP: 3/3
   294 | D        | Gained mutation: You sometimes lose your temper in combat.
                  | [potion of mutation]
   322 | D        | Reached skill level 5 in Unarmed Combat
   493 | D        | Lost mutation: You sometimes lose your temper in combat.
                  | [potion of mutation]
   493 | D        | Gained mutation: You are frail. (-10% HP) [potion of
                  | mutation]
   493 | D        | Gained mutation: Your body sometimes deteriorates upon
                  | taking damage. [potion of mutation]
   493 | D        | Gained mutation: Your mind is acute. (Int +4, Str/Dex -1)
                  | [potion of mutation]
   494 | D        | Lost mutation: Your mind is acute. (Int +4, Str/Dex -1)
                  | [potion of mutation]
   494 | D        | Lost mutation: Your body sometimes deteriorates upon taking
                  | damage. [potion of mutation]
   494 | D        | Gained mutation: Your magical capacity is low. (-10% MP)
                  | [potion of mutation]
   494 | D        | Gained mutation: Your tail ends in a venomous barb. [potion
                  | of mutation]
   495 | D        | Lost mutation: Your magical capacity is low. (-10% MP)
                  | [potion of mutation]
   495 | D        | Lost mutation: You are frail. (-10% HP) [potion of
                  | mutation]
   495 | D        | Gained mutation: You sometimes lose your temper in combat.
                  | [potion of mutation]
   512 | D        | Noticed a water elemental
   521 | D        | Killed a water elemental
   522 | D        | Reached skill level 6 in Unarmed Combat
   522 | D        | Reached skill level 5 in Shapeshifting
   522 | D        | Reached XP level 4. HP: 6/40 MP: 4/4
   889 | D        | Lost mutation: You sometimes lose your temper in combat.
                  | [potion of mutation]
   889 | D        | Lost mutation: Your tail ends in a venomous barb. [potion
                  | of mutation]
   889 | D        | Gained mutation: You are frail. (-10% HP) [potion of
                  | mutation]
   889 | D        | Gained mutation: You sometimes lose your temper in combat.
                  | [potion of mutation]
   889 | D        | Gained mutation: You are agile. (Dex +4, Str/Int -1)
                  | [potion of mutation]
   890 | D        | Lost mutation: You sometimes lose your temper in combat.
                  | [potion of mutation]
   890 | D        | Lost mutation: You are frail. (-10% HP) [potion of
                  | mutation]
   890 | D        | Gained mutation: Your tail ends in a venomous barb. [potion
                  | of mutation]
   890 | D        | Gained mutation: Your muscles are strong. (Str +4, Int/Dex
                  | -1) [potion of mutation]
   890 | D        | Gained mutation: Your body sometimes deteriorates upon
                  | taking damage. [potion of mutation]
   890 | D        | Gained mutation: Your mind is acute. (Int +4, Str/Dex -1)
                  | [potion of mutation]
  1015 | D        | Noticed a shadow
  1026 | D        | Killed a shadow
  1027 | D        | Reached skill level 5 in Fighting
  1027 | D        | Reached skill level 7 in Unarmed Combat
  1027 | D        | Reached XP level 5. HP: 35/48 MP: 5/5
  1027 | D        | Reached XP level 6. HP: 41/56 MP: 6/6
  1029 | D        | Reached skill level 5 in Dodging
  1029 | D        | Reached skill level 8 in Unarmed Combat
  1039 | D        | Found a blossoming altar of Fedhas.
  1039 | D        | Found a stormy altar of Qazlal.
  1039 | D        | Found a snail-covered altar of Cheibriados.
  1039 | D        | Found a burning altar of Makhleb.
  1039 | D        | Found a shimmering altar of Xom.
  1040 | D        | Found a hazy altar of Hepliaklqana.
  1040 | D        | Found an opulent altar of Gozag.
  1040 | D        | Found a sparkling altar of Nemelex Xobeh.
  1040 | D        | Found a corrupted altar of Lugonu.
  1040 | D        | Found a viscous altar of Jiyva.
  1040 | D        | Noticed a spatial vortex
  1044 | D        | Became a worshipper of Gozag Ym Sagoz the Greedy
  1056 | D        | Killed a spatial vortex
  1309 | D        | Found a basalt altar of Yredelemnul.
  1309 | D        | Found a shadowy altar of Dithmenos.
  1309 | D        | Found a sacrificial altar of Ru.
  1311 | D        | Reached skill level 9 in Unarmed Combat
  1432 | D        | Found a radiant altar of Vehumet.
  1432 | D        | Found a shimmering blue altar of Sif Muna.
  1432 | D        | Found an ancient bone altar of Kikubaaqudgha.
  1437 | D        | Your scales start taking on a fiery red colour.
  1437 | D        | Reached XP level 7. HP: 64/64 MP: 7/7
  1437 | D        | Gained mutation: Your flesh is heat resistant. (rF+) [Red
                  | Draconian growth]
  1457 | D        | Learned a level 6 spell: Plasma Beam
  1465 | D        | Found a glowing silver altar of Zin.
  1465 | D        | Found a glowing golden altar of the Shining One.
  1465 | D        | Found a white marble altar of Elyvilon.
  1466 | D        | Noticed a deep elf pyromancer
  1469 | D        | Noticed a fire elemental
  1471 | D        | Killed a deep elf pyromancer
  1472 | D        | Reached skill level 10 in Unarmed Combat
  1631 | D        | Found a hide-covered altar of Uskayaw.
  1631 | D        | Found an iron altar of Okawaru.
  1631 | D        | Found a bloodstained altar of Trog.
  1631 | D        | Found an ornate altar of the Wu Jian Council.
  1631 | D        | Noticed a human
  1631 | D        | Noticed a human
  1639 | D        | Killed a human
  1640 | D        | Reached skill level 10 in Shapeshifting
  1640 | D        | Reached XP level 8. HP: 74/74 MP: 8/8
  1642 | D        | Reached skill level 11 in Unarmed Combat
  1886 | D        | Noticed a two-headed ogre
  1893 | D        | Killed a two-headed ogre
  2178 | D        | Noticed Erolcha
  2183 | D        | Killed Erolcha
  2183 | D        | Noticed a two-headed ogre
  2184 | D        | Reached skill level 12 in Unarmed Combat
  2184 | D        | Reached XP level 9. HP: 76/83 MP: 9/9
  2187 | D        | Killed a two-headed ogre
  2188 | D        | Reached skill level 13 in Unarmed Combat
  2570 | D        | Noticed a wandering mushroom
  2575 | D        | Noticed a wandering mushroom
  2577 | D        | Noticed a wandering mushroom
  2587 | D        | Reached skill level 10 in Fighting
  2598 | D        | Killed a wandering mushroom
  2715 | D        | Bought the +1 cloak of Starlight {*Dazzle EV+4 Stlth--} for
                  | 854 gold pieces
  2715 | D        | Found the +1 cloak of Starlight {*Dazzle EV+4 Stlth--}
  2715 | D        | Bought a pair of runed boots for 210 gold pieces
  2757 | D        | Noticed a cane toad
  2757 | D        | Noticed a komodo dragon
  2757 | D        | Noticed a cane toad
  2760 | D        | Killed a cane toad
  2761 | D        | Reached skill level 1 in Spellcasting
  2761 | D        | Reached skill level 1 in Fire Magic
  2761 | D        | Reached skill level 1 in Air Magic
  2766 | D        | Killed a komodo dragon
  2767 | D        | Reached XP level 10. HP: 40/94 MP: 9/12
  2768 | D        | Killed a cane toad
  2769 | D        | Reached skill level 14 in Unarmed Combat
  2986 | D        | Noticed a lindwurm
  2989 | D        | Killed a lindwurm
  3072 | D        | Noticed Urug
  3077 | D        | Killed Urug
  3316 | D        | Reached skill level 5 in Fire Magic
  3322 | D        | Reached skill level 15 in Unarmed Combat
  3476 | D        | Noticed Joseph
  3476 | D        | Noticed Harold
  3481 | D        | Killed Harold
  3482 | D        | Reached skill level 5 in Air Magic
  3482 | D        | Reached XP level 11. HP: 86/104 MP: 17/17
  3487 | D        | Killed Joseph
  3488 | D        | Reached skill level 10 in Dodging
  3788 | D        | Reached skill level 5 in Spellcasting
  3853 | D        | Bought a wand of digging (3) for 151 gold pieces
  3853 | D        | Bought a wand of flame (14) for 117 gold pieces
  3978 | D        | Noticed an orc knight
  3978 | D        | Noticed an orc sorcerer
  3979 | D        | Noticed an orc sorcerer
  3990 | D        | Killed an orc sorcerer
  3997 | D        | Killed an orc knight
  4011 | D        | Reached skill level 16 in Unarmed Combat
  4013 | D        | Noticed an orc high priest
  4026 | D        | Found Cuesmano's Antique Weapon Emporium.
  4027 | D        | Killed an orc sorcerer
  4033 | D        | Killed an orc high priest
  4138 | D        | Noticed a deep elf zephyrmancer
  4138 | D        | Noticed a deep elf zephyrmancer
  4138 | D        | Noticed a deep elf pyromancer
  4138 | D        | Noticed a deep elf zephyrmancer
  4138 | D        | Noticed a deep elf pyromancer
  4148 | D        | Killed a deep elf pyromancer
  4149 | D        | Reached skill level 15 in Shapeshifting
  4149 | D        | Killed a deep elf zephyrmancer
  4155 | D        | Killed a deep elf zephyrmancer
  4158 | D        | Killed a deep elf pyromancer
  4165 | D        | Killed a deep elf zephyrmancer
  4172 | D        | Noticed a deep elf demonologist
  4247 | D        | Noticed a soul eater
  4646 | D        | Noticed an orange crystal statue
  4657 | D        | Killed an orange crystal statue
  4658 | D        | Reached XP level 12. HP: 115/115 MP: 2/21
  4776 | D        | Found Wamew's Assorted Antiques.
  4776 | D        | Found Luppekyd's Antique Weapon Shop.
  4776 | D        | Found Sogh's Distillery.
  4776 | D        | Found Urecoa's Antique Armour Boutique.
  4776 | D        | Found Xearaom's Magic Scroll Emporium.
  4776 | D        | Found Deloc's Book Shop.
  4776 | D        | Found Myelelyp's Jewellery Boutique.
  4777 | D        | Found Mueti's Book Boutique.
  4777 | D        | Found Tufy's General Store.
  4777 | D        | Found Weneg's Weapon Shop.
  4777 | D        | Found Xurott's Antique Weapon Emporium.
  4807 | D        | Bought 2 potions of might for 80 gold pieces
  4807 | D        | Bought 2 potions of haste for 200 gold pieces
  4807 | D        | Bought a potion of heal wounds for 50 gold pieces
  4807 | D        | Bought a potion of brilliance for 40 gold pieces
  4807 | D        | Bought 2 potions of curing for 60 gold pieces
  4807 | D        | Bought a potion of curing for 30 gold pieces
  4807 | D        | Bought a potion of curing for 30 gold pieces
  4807 | D        | Bought a potion of enlightenment for 50 gold pieces
  4807 | D        | Bought 2 potions of haste for 200 gold pieces
  4807 | D        | Bought a potion of mutation for 80 gold pieces
  4810 | D        | Bought the ring "Relemicw" {Str+2 Int+6 Dex+3 Slay+3
                  | Stlth+} for 689 gold pieces
  4810 | D        | Bought a granite talisman for 600 gold pieces
  4816 | D        | Bought a scroll of fear for 52 gold pieces
  4816 | D        | Bought a scroll of butterflies for 52 gold pieces
  4816 | D        | Bought a scroll of amnesia for 52 gold pieces
  4818 | D        | Bought a potion of enlightenment for 120 gold pieces
  4818 | D        | Bought a viscous ruby potion for 21 gold pieces
  4818 | D        | Bought a scroll of identify for 48 gold pieces
  4818 | D        | Bought a scroll labelled SUMIRU WEMIJIL for 24 gold pieces
  4818 | D        | Bought a scroll labelled SUMIRU WEMIJIL for 24 gold pieces
  4818 | D        | Bought a scroll labelled SUPPOP WUITWOED for 24 gold pieces
  4818 | D        | Bought a scroll of identify for 48 gold pieces
  4822 | D        | Bought a scroll of fog for 52 gold pieces
  4822 | D        | Bought a potion of mutation for 104 gold pieces
  4822 | D        | Bought a scroll of identify for 26 gold pieces
  4822 | D        | Bought a potion of resistance for 130 gold pieces
  4831 | D        | Bought a scroll of identify for 26 gold pieces
  4835 | D        | Bought a pair of runed gloves for 210 gold pieces
  4845 | D        | Bought a book of Blood for 364 gold pieces
  4849 | D        | Bought an Inescapable Atlas for 192 gold pieces
  4852 | D        | Learned a level 2 spell: Blink
  4855 | D        | Learned a level 2 spell: Wereblood
  4943 | D        | Noticed Rupert
  4950 | D        | Paralysed by Rupert for 2 turns
  4958 | D        | Killed Rupert
  4959 | D        | Reached skill level 1 in Stealth
  5208 | D        | Noticed an azure jelly
  5208 | D        | Noticed an azure jelly
  5208 | D        | Noticed an azure jelly
  5208 | D        | Noticed an azure jelly
  5209 | D        | Noticed a dire elephant
  5209 | D        | Noticed a dire elephant
  5209 | D        | Noticed Gastronok
  5215 | D        | Killed a dire elephant
  5216 | D        | Reached skill level 17 in Unarmed Combat
  5225 | D        | Killed a dire elephant
  5234 | D        | Killed Gastronok
  5340 | D        | Noticed a death yak
  5341 | D        | Noticed a death yak
  5344 | D        | Killed a death yak
  5349 | D        | Killed a death yak
  5353 | D        | Noticed a death yak
  5356 | D        | Noticed a death yak
  5358 | D        | Killed a death yak
  5359 | D        | Reached skill level 10 in Fire Magic
  5359 | D        | Killed a death yak
  5434 | D        | Noticed Polyphemus
  5453 | D        | Killed Polyphemus
  5473 | D        | Noticed Ilsuiw
  5497 | D        | Killed Ilsuiw
  5498 | D        | Reached skill level 18 in Unarmed Combat
  5722 | D        | Found Xecaiga's Antique Armour Shoppe.
  5730 | D        | Reached skill level 5 in Stealth
  5734 | D        | Found Xibbair's Magic Scroll Boutique.
  5735 | D        | Found Nocaky's Jewellery Emporium.
  5737 | D        | Noticed a merfolk javelineer
  5740 | D        | Killed a merfolk javelineer
  5741 | D        | Reached XP level 13. HP: 102/124 MP: 25/25
  5807 | D        | Got a barnacled rune of Zot
  5820 | D        | Bought a +4 ring of slaying for 1092 gold pieces
  5821 | D        | Bought a scroll of acquirement for 572 gold pieces
  6231 | D        | Found Ubirr's Jewellery Emporium.
  6231 | D        | Found Rekanot's Antique Armour Shop.
  6268 | D        | Acquired the scarf of the Evening Star {repulsion, Fly rN+}
  6282 | D        | Found Jeroelof's Magic Scroll Shoppe.
  6288 | D        | Bought an amulet of the acrobat for 330 gold pieces
  6289 | D        | Bought the +2 hood of the Assassin {Detect Stab+ Stlth++}
                  | for 1560 gold pieces
  6289 | D        | Found the +2 hood of the Assassin {Detect Stab+ Stlth++}
  6290 | D        | Bought a scroll of enchant armour for 105 gold pieces
  6290 | D        | Bought a scroll of revelation for 105 gold pieces
  6290 | D        | Bought 2 scrolls of enchant armour for 210 gold pieces
  6311 | D        | Got a decaying rune of Zot
  6580 | D        | Found a blossoming altar of Fedhas.
  6942 | D        | Noticed Azrael
  6955 | D        | Killed Azrael
  7092 | D        | Acquired the amulet of Qehu {Fragile Regen+ Slay+6}
  7312 | D        | Reached skill level 10 in Air Magic
  7313 | D        | Reached skill level 19 in Unarmed Combat
  7360 | D        | Noticed Frederick
  7414 | D        | Noticed a fire dragon
  7421 | D        | Reached skill level 1 in Translocations
  7421 | D        | Reached skill level 1 in Transmutations
  7423 | D        | Killed a fire dragon
  7424 | D        | Reached skill level 15 in Fighting
  7466 | D        | Identified the +1 rapier of Darkness {elec, rPois Str-4
                  | Int+2 Dex+3}
  7830 | D        | Noticed Chuck
  7842 | D        | Killed Chuck
  7854 | D        | Identified the +7 dagger "Geeziud" {heavy, Drain rN+ Str+2
                  | SInv}
  8004 | D        | Noticed an iron golem
  8074 | D        | Reached skill level 10 in Spellcasting
  8182 | D        | Noticed a deep elf demonologist
  8182 | D        | Noticed a deep elf death mage
  8185 | D        | Noticed a deep elf demonologist
  8185 | D        | Killed a deep elf demonologist
  8186 | D        | Reached skill level 20 in Unarmed Combat
  8186 | D        | Reached XP level 14. HP: 135/135 MP: 4/28
  8193 | D        | Noticed a deep elf master archer
  8389 | D        | Identified the +9 mace of the Transparent God {heavy, rPois
                  | rF++ Str+3 SInv}
  8511 | D        | Killed a deep elf master archer
  8512 | D        | Reached skill level 21 in Unarmed Combat
  8513 | D        | Identified the "Cathixt" (You found it in the Dungeon)
  8551 | D        | Identified the amulet "Hepuen" {rPois rN+ Regen+ Int+2}
  8551 | D        | Identified the amulet of Caodal {Spirit Harm Drain rElec}
  8557 | D        | Identified the ring "Pahaf" {rC+ rCorr}
  8633 | D        | Noticed Nellie
  8640 | D        | Killed Nellie
  8652 | D        | Got a demonic rune of Zot
  8670 | D        | Bought a scroll of identify for 24 gold pieces
  9164 | D        | Noticed Boris
  9166 | D        | Reached skill level 22 in Unarmed Combat
  9186 | D        | Killed Boris
  9187 | D        | Reached skill level 23 in Unarmed Combat
  9243 | D        | Found Mubad's Distillery.
  9243 | D        | Found Jyamiuxt's Armour Shop.
  9243 | D        | Found Ywkuahag's Armour Shop.
  9243 | D        | Found Geuse's Armour Shoppe.
  9254 | D        | Bought a potion of magic for 80 gold pieces
  9254 | D        | Bought a potion of heal wounds for 50 gold pieces
  9254 | D        | Bought a potion of mutation for 80 gold pieces
  9259 | D        | Noticed Roxanne
  9265 | D        | Killed Roxanne
  9273 | D        | Bought a dragon-blood talisman for 960 gold pieces
  9273 | D        | Bought the ring of Egell {rElec rPois Will+ Str+4 Dex-2}
                  | for 758 gold pieces
  9279 | D        | Found Feleky's Distillery.
  9283 | D        | Reached skill level 24 in Unarmed Combat
  9507 | D        | Bought a potion of magic for 80 gold pieces
  9507 | D        | Bought a potion of mutation for 80 gold pieces
  9507 | D        | Bought a potion of heal wounds for 50 gold pieces
  9507 | D        | Bought a potion of curing for 30 gold pieces
  9507 | D        | Bought a potion of invisibility for 80 gold pieces
  9507 | D        | Bought a potion of curing for 30 gold pieces
  9507 | D        | Bought a potion of heal wounds for 50 gold pieces
  9561 | D        | Noticed Nikola
  9561 | D        | Noticed a storm dragon
  9570 | D        | Killed a storm dragon
  9577 | D        | Killed Nikola
  9762 | D        | Reached skill level 25 in Unarmed Combat
  9936 | D        | Noticed a vampire knight
  9936 | D        | Noticed Mara
  9937 | D        | Noticed a vampire knight
  9942 | D        | Killed Mara
  9945 | D        | Killed a vampire knight
  9948 | D        | Killed a vampire knight
 10139 | D        | Noticed an ancient champion
 10140 | D        | Killed an ancient champion
 10141 | D        | Reached skill level 26 in Unarmed Combat
 10141 | D        | Reached XP level 15. HP: 141/141 MP: 29/29
 10141 | D        | Identified the ring of the Elephant {Int+6 Dex+3 SInv}
 10232 | D        | Noticed Mennas
 10242 | D        | Killed Mennas
 10337 | D        | Bought the ring "Founky" {rPois rC++ rN+ Str-4 Int+2} for
                  | 623 gold pieces
 10337 | D        | Bought a talisman of death for 1120 gold pieces
 10497 | D        | Reached skill level 27 in Unarmed Combat
 10624 | D        | Noticed Geryon
 10660 | D        | Killed Geryon
 10819 | D        | Reached skill level 10 in Stealth
 10947 | D        | Noticed an Executioner
 10951 | D        | Killed an Executioner
 11162 | D        | Noticed a lich
 11175 | D        | Killed a lich
 11287 | D        | Noticed a sphinx
 11287 | D        | Noticed a sphinx
 11293 | D        | Killed a sphinx
 11295 | D        | Killed a sphinx
 11516 | D        | Noticed a royal mummy
 11516 | D        | Noticed a royal mummy
 11520 | D        | Noticed an emperor scorpion
 11522 | D        | Noticed an emperor scorpion
 11522 | D        | Noticed an emperor scorpion
 11522 | D        | Noticed an emperor scorpion
 11522 | D        | Noticed an emperor scorpion
 11565 | D        | Noticed an emperor scorpion
 11565 | D        | Noticed an emperor scorpion
 11571 | D        | Killed a royal mummy
 11572 | D        | Reached skill level 15 in Dodging
 11572 | D        | Reached XP level 16. HP: 87/159 MP: 28/32
 11575 | D        | Killed a royal mummy
 11606 | D        | Got a golden rune of Zot
 11608 | D        | Identified the staff of the Loving Gods {Str+3 Int+2 Conj}
 11619 | D        | Identified the staff of Mastery {rElec Str+2 Air}
 11621 | D        | Identified the amulet "Jibunurch" {Spirit rPois Str-3
                  | Int+6}
 11717 | D        | Acquired the +1 pair of boots "Qaqi" {+Blink rF+ Str-5
                  | Dex+4}
 11719 | D        | Acquired 962 gold pieces
 11720 | D        | Acquired 1169 gold pieces
 11721 | D        | Identified the of Veuklit (You acquired it in the Dungeon)
 11721 | D        | Acquired the +0 pair of gloves "Nazeps" {rN+ Will+ rCorr}
 11728 | D        | Acquired the amulet of Untruth {+Blink rElec rF++ rC-
                  | Regen+ Int-3}
 11761 | D        | Killed Frederick
 11783 | D        | Noticed a lich
 11786 | D        | Killed a lich
 11803 | D        | Noticed a shadow dragon
 11803 | D        | Noticed a shadow dragon
 11809 | D        | Killed a shadow dragon
 11815 | D        | Killed a shadow dragon
 11895 | D        | Noticed a shadow dragon
 11987 | D        | Killed a shadow dragon
 11988 | D        | Reached skill level 15 in Stealth
 12031 | D        | HP: 5/165 [fire giant/+2 great sword of flaming (21)]
 12094 | D        | Identified the +3 barding of the Game Afoot {*Corrode Str+4
                  | Dex+5}
 12096 | D        | Reached skill level 15 in Spellcasting
 12136 | D        | Identified the +2 hand axe of Flawed Execution {venom,
                  | rElec rF++ rC- Int+3}
 12175 | D        | Identified the +9 great sword of Benuom {pain, *Corrode
                  | rC+++ MP+9 Dex-2}
 12339 | D        | Got a silver rune of Zot
 12352 | D        | Identified the +2 quarterstaff "Wutuar" {speed, rC+ rN+++
                  | rCorr Dex-3}
 12401 | D        | Identified the of Toeppo (You acquired it in the Dungeon)
 12401 | D        | Acquired rocky1's Tome of the Helpful Tempest
 12578 | D        | Noticed an acid blob
 12621 | D        | Noticed the Royal Jelly
 12629 | D        | Killed an acid blob
 12675 | D        | Noticed an acid blob
 12680 | D        | Killed an acid blob
 12708 | D        | Killed the Royal Jelly
 12708 | D        | Noticed an acid blob
 12708 | D        | Noticed an acid blob
 12708 | D        | Noticed an acid blob
 12711 | D        | Killed an acid blob
 12714 | D        | Killed an acid blob
 12716 | D        | Killed an acid blob
 12869 | D        | Reached XP level 17. HP: 176/176 MP: 37/37
 12900 | D        | Identified the staff of Mos Ilon {rElec Dex+3 SInv Air}
 12902 | D        | Got a slimy rune of Zot
 12908 | D        | Identified the +0 chain mail of Parlour Games {rPois rC+
                  | Str+3 Int+6}
 12930 | D        | Bought a scroll of silence for 114 gold pieces
 12930 | D        | Bought a scroll of blinking for 90 gold pieces
 12950 | D        | Bought a potion of brilliance for 48 gold pieces
 12950 | D        | Bought a potion of cancellation for 96 gold pieces
 12950 | D        | Bought a potion of mutation for 96 gold pieces
 12950 | D        | Bought 2 potions of brilliance for 96 gold pieces
 12950 | D        | Bought a potion of might for 48 gold pieces
 12950 | D        | Bought a potion of invisibility for 96 gold pieces
 12950 | D        | Bought a potion of brilliance for 48 gold pieces
 12950 | D        | Bought a potion of might for 48 gold pieces
 13112 | D        | Learned a level 8 spell: Maxwell's Capacitive Coupling
 13168 | D        | Noticed Gloorx Vloq
 13171 | D        | Killed Gloorx Vloq
 13202 | D        | Noticed a royal mummy
 13203 | D        | Noticed a royal mummy
 13204 | D        | Killed a royal mummy
 13205 | D        | Reached skill level 15 in Air Magic
 13206 | D        | Killed a royal mummy
 13260 | D        | Noticed a royal mummy
 13262 | D        | Noticed Ereshkigal
 13268 | D        | Noticed a royal mummy
 13281 | D        | Killed Ereshkigal
 13298 | D        | Killed a royal mummy
 13308 | D        | Killed a royal mummy
 13434 | D        | Got a bone rune of Zot
 13512 | D        | Noticed an Ice Fiend
 13517 | D        | Killed an Ice Fiend
 13538 | D        | Noticed an Ice Fiend
 13539 | D        | Killed an Ice Fiend
 13647 | D        | Noticed an Ice Fiend
 13648 | D        | Killed an Ice Fiend
 13665 | D        | Noticed an Ice Fiend
 13666 | D        | Killed an Ice Fiend
 13676 | D        | Noticed an Ice Fiend
 13677 | D        | Killed an Ice Fiend
 13691 | D        | Noticed Antaeus
 13707 | D        | Killed from afar by Antaeus

Illustrated notes

Levels and vault maps discovered:
D:        dungeon_sprint_mu [sprint_mu_entry_forest, sprint_mu_temple_rooms,
          sprint_mu_d1_spiders, sprint_mu_d2_genie, sprint_mu_d3_branching,
          sprint_mu_orc_legion, sprint_mu_elf_gauntlet, sprint_mu_hive_nellie,
          sprint_mu_lair_fedhas, sprint_mu_vaults_butterflies,
          sprint_mu_slime_circle, sprint_mu_swamp_cave, sprint_mu_shoals_archi,
          sprint_mu_blade_basic, sprint_mu_crypt_fortress,
          sprint_mu_tomb_spiral, sprint_mu_vestibule_basic,
          sprint_mu_gehenna_hellfire, sprint_mu_dis_giant,
          sprint_mu_tartarus_statrot, sprint_mu_cocytus_islands, sprint_mu_zot1]

Skill      XL: |  1  2  3  4  5  6  7  8  9 10 11 12 13 14 15 16 17 |
---------------+----------------------------------------------------+-----
Dodging        | 2 3 4 5 6 8 9 10 12 13 15 18 20 | 20.0
Fighting       | 2 4 5 6 7 9 10 11 13 14 15 18 22 24 | 24.0
Unarmed Combat | 4 6 7 9 10 12 13 15 16 18 20 26 27 | 27.0
Shapeshifting  | 4 5 7 8 10 11 12 14 15 16 18 20 23 24 | 24.6
Spellcasting   | 1 4 6 8 10 12 16 18 | 18.3
Fire Magic     | 2 5 8 10 12 | 12.7
Air Magic      | 1 5 7 9 10 13 19 | 19.1
Stealth        | 5 7 13 17 19 | 19.0
Translocations | 3 |  3.6
Transmutations | 3 |  3.6

Action                     |  1- 3 |  4- 6 |  7- 9 | 10-12 | 13-15 | 16-18 || total
---------------------------+-------+-------+-------+-------+-------+-------++-------
  Melee: Unarmed           |    27 |    25 |    55 |   293 |   401 |   306 ||  1107
         Punch             |     2 |     1 |     3 |    30 |    69 |    38 ||   143
         Tailslap          |       |     5 |    13 |    44 |    69 |    56 ||   187
         Bite              |       |       |       |       |     3 |       ||     3
   Cast: Plasma Beam       |       |       |       |       |    36 |       ||    36
 Invoke: Call Merchant     |       |       |     1 |     1 |     2 |     2 ||     6
         Potion Petition   |       |       |       |     2 |     4 |     8 ||    14
Ability: Breathe Fire      |       |       |     5 |       |     1 |       ||     6
         Siphon Essence    |       |       |       |       |       |     3 ||     3
  Evoke: Wand              |       |     2 |       |       |     4 |     4 ||    10
    Use: Potion            |     6 |     3 |     1 |     2 |     4 |       ||    16
         Scroll            |       |       |     2 |     5 |     5 |    10 ||    22
   Stab: Sleeping          |       |     1 |       |       |    28 |    23 ||    52
         Invisible         |       |       |     2 |    13 |       |       ||    15
         Distracted        |       |       |       |     1 |     5 |     4 ||    10
 Armour: Skin              |    14 |     6 |    26 |    77 |   161 |   124 ||   408
  Dodge: Dodged            |    12 |     3 |    22 |   202 |   171 |   120 ||   530
         Repelled          |       |       |       |       |     2 |     2 ||     4
   Form: Blade             |     1 |       |     1 |       |     1 |       ||     3
         Beast             |     1 |       |       |       |       |       ||     1
         Statue            |       |       |       |       |     1 |       ||     1
         Dragon            |       |       |       |       |     1 |       ||     1
         Death             |       |       |       |       |     1 |       ||     1

Table legend: (Time is in decaauts) A = Elapsed time spent in this place. B = Non-inter-level travel time spent in this place. C = Inter-level travel time spent in this place. D = Time resting spent in this place. E = Time spent auto-exploring this place. F = Levels seen in this place. G = Mean time per level. A B C D E F G +--------+--------+--------+--------+--------+-----+--------+ Total | 13438 | 12682 | 756 | 8186 | 0 | 1 | 13438.0 | Dungeon | 13438 | 12682 | 756 | 8186 | 0 | 1 | 13438.0 | +--------+--------+--------+--------+--------+-----+--------+

Top non-repeatable levels by time:
       D: 13438 daAuts
